Map: Verschollene Expedition

Players

Raynor

  • Race: Terran Terran
  • League: Gold
  • Spawn Location: 7:00

Twister - Winner!

  • Race: Terran Terran
  • League: Silver
  • Spawn Location: 1:00

VOD

Have the link to the VOD?

Description

Time

  • Played on: Oct. 30, 2016, 5:15 p.m.
  • Length: 12:47
Show
View Real Time Build Order
Export as new Build Order

Raynor Terran 

Build Orders:  

Get SALT Encoding   

  12  0:01  SCV  
  13  0:13  SCV  
  14  0:25  SCV  
  15  0:31  Supply Depot  
  15  0:52  SCV  
  15  0:55  Barracks  
  16  1:04  SCV  
  16  1:09  Refinery  
  17  1:16  SCV  
  18  1:29  SCV  
  18  1:32  Command Center, Unknown  
  19  1:41  SCV  
  19  1:45  Supply Depot  
  20  1:53  Bunker  
  20  1:57  SCV  
  20  2:00  Marine  
  22  2:11  Supply Depot  
  22  2:21  Engineering Bay  
  22  2:31  Orbital Command  
  22  2:35  Marine  
  23  2:43  Unknown  
  23  2:47  SCV  
  24  2:53  Marine  
  25  2:59  SCV  
  27  3:06  Orbital Command  
  27  3:11  SCV  
  27  3:14  Marine  
  28  3:24  SCV  
  29  3:32  Marine  
  30  3:36  Supply Depot, SCV x2  
  32  3:44  Barracks  
  32  3:48  Barracks, SCV x2  
  33  3:49  Marine  
  35  3:57  Barracks  
  35  4:00  SCV x2  
  38  4:12  SCV x2  
  40  4:23  Barracks Tech Lab  
  39  4:24  Barracks, SCV  
  39  4:25  SCV  
  39  4:26  Barracks  
  39  4:30  Barracks  
  41  4:33  Marine  
  41  4:37  Marine  
  43  4:40  SCV x2  
  43  4:42  Marine  
  47  4:51  Marine  
  47  4:52  SCV x2  
  49  4:56  Marine  
  51  5:00  Barracks Reactor, Marine  
  51  5:02  Terran Infantry Weapons Level 1  
  51  5:04  SCV x2  
  53  5:09  Marine  
  53  5:13  Marine x2, Refinery  
  53  5:14  Marine  
  57  5:15  Factory  
  57  5:16  SCV x2  
  57  5:18  Marine  
  57  5:19  Marine  
  61  5:24  Supply Depot  
  61  5:26  Command Center, Unknown, Marine  
  61  5:28  Refinery  
  62  5:30  Refinery  
  62  5:35  Missile Turret  
  62  5:44  Supply Depot  
  62  5:46  Supply Depot, SCV x2, Marine x6  
  70  5:50  Engineering Bay  
  70  6:01  Combat Shields  
  70  6:05  Marine x7  
  70  6:09  SCV x2  
  79  6:15  Marine  
  80  6:21  SCV  
  80  6:23  Marine  
  80  6:24  Barracks Tech Lab  
  82  6:26  Supply Depot  
  82  6:29  Terran Infantry Armor Level 1  
  82  6:34  Marine x4  
  82  6:36  Supply Depot  
  82  6:37  Armory, Marine x2  
  82  6:38  Unknown  
  82  6:39  SCV  
  89  6:41  Marine  
  89  6:45  SCV  
  89  6:46  Marine  
  92  6:51  SCV  
  92  6:52  Marine x2  
  95  6:57  Marine  
  95  6:58  Marine  
  97  7:01  Factory Tech Lab  
  97  7:02  Marine x3  
  97  7:03  SCV x2  
  97  7:04  Marine  
  103  7:09  Marine  
  103  7:10  Barracks Reactor  
  103  7:15  Marine x2, SCV x2  
  105  7:16  Armory  
  105  7:19  Marine  
  105  7:20  Marine x2  
  105  7:22  Marine  
  112  7:24  Stimpack  
  112  7:27  SCV, Marine  
  112  7:28  SCV  
  115  7:33  Marine x2  
  117  7:39  Barracks Reactor  
  117  7:45  Orbital Command  
  117  8:07  Supply Depot x2  
  117  8:09  Missile Turret  
  117  8:14  Marine  
  117  8:15  SCV, Marine x2  
  117  8:16  Marine  
  117  8:17  Marine x2, SCV  
  117  8:18  Marine x2  
  117  8:19  Supply Depot  
  115  8:27  SCV  
  115  8:28  Siege Tank  
  115  8:29  SCV  
  115  8:32  Marine  
  121  8:34  Marine x2  
  121  8:35  Marine x5  
  121  8:36  Marine x2  
  121  8:39  SCV  
  121  8:41  SCV  
  106  8:50  Marine  
  106  8:51  SCV  
  106  8:52  Marine  
  106  8:53  SCV  
  104  8:58  Orbital Command  
  104  9:05  SCV  
  104  9:09  Marine x4  
  109  9:10  Marine x6  
  102  9:26  Marine x2  
  102  9:27  Marine x3  
  102  9:28  Marine x5  
  108  9:32  Siege Tank  
  108  9:37  SCV x2  
  111  9:44  Marine x3  
  111  9:45  Marine x7  
  121  10:02  Factory, Marine x3  
  121  10:03  Marine x7  
  121  10:04  Siege Tank, Starport  
  134  10:09  Terran Infantry Weapons Level 2  
  134  10:11  Terran Infantry Armor Level 2  
  134  10:20  Marine x4  
  134  10:21  Marine x3  
  141  10:43  Marine  
  141  10:46  SCV  
  141  10:47  SCV, Marine x3  
  141  10:48  Command Center, Unknown, Marine x3  
  141  10:49  Marine x2  
  140  10:50  Marine  
  140  10:52  Siege Tank  
  140  10:53  Hellbat  
  138  11:01  Marine  
  138  11:03  Supply Depot, SCV x2  
  138  11:04  Supply Depot, Marine x2, SCV  
  127  11:14  Hellbat  
  127  11:15  SCV  
  127  11:17  Marine x3  
  133  11:25  Siege Tank, Marine x2  
  138  11:26  Marine  
  138  11:27  Supply Depot  
  138  11:28  Supply Depot x2  
  139  11:33  Marine  
  139  11:34  Marine  
  139  11:38  Supply Depot, Hellbat  
  139  11:39  Marine  
  141  11:41  Marine x2  
  111  11:49  Marine x3  
  111  11:50  Marine x2  
  91  11:57  Siege Tank  
  91  11:59  Hellbat  
  91  12:00  Unknown, Marine x2  
  91  12:01  Marine  
  89  12:08  Marine x2  
  81  12:20  Hellbat  
  76  12:23  Marine x2  
  76  12:24  Marine x5  
  76  12:25  Marine  
  76  12:26  Marine x2  
Show
View Real Time Build Order
Export as new Build Order

Twister Terran - Winner!

Build Orders:  

Get SALT Encoding   

  12  0:03  SCV  
  13  0:15  SCV  
  13  0:20  Supply Depot  
  14  0:27  SCV  
  15  0:42  SCV  
  16  0:45  Barracks  
  16  0:53  Refinery  
  16  0:54  SCV  
  17  1:06  SCV  
  18  1:18  SCV  
  19  1:30  SCV  
  20  1:40  Command Center, Unknown  
  20  1:44  Orbital Command  
  20  1:46  Barracks Reactor  
  20  2:02  Engineering Bay  
  20  2:08  Barracks  
  20  2:16  Supply Depot  
  20  2:24  Marine x2  
  20  2:26  SCV  
  23  2:34  Terran Infantry Weapons Level 1  
  23  2:40  SCV  
  23  2:42  Marine  
  25  2:48  Supply Depot  
  25  2:51  Unknown  
  25  2:52  SCV  
  25  2:57  Orbital Command  
  26  3:03  Barracks Tech Lab  
  26  3:04  SCV  
  27  3:08  Marine x2  
  29  3:19  Barracks  
  29  3:25  Marine  
  29  3:26  Bunker, SCV, Marine  
  32  3:30  SCV  
  33  3:36  Combat Shields  
  33  3:38  SCV  
  34  3:42  SCV  
  34  3:45  Supply Depot  
  35  3:54  Marine  
  35  3:55  Marine x2  
  38  4:06  Marine  
  39  4:12  Marine  
  39  4:13  Marine x2  
  39  4:16  SCV  
  43  4:17  Factory, SCV  
  43  4:23  Marine  
  45  4:28  Terran Infantry Armor Level 1  
  45  4:29  SCV x2  
  45  4:30  Marine x2  
  42  4:38  Supply Depot  
  42  4:39  Supply Depot  
  42  4:41  SCV  
  43  4:46  Command Center, Unknown  
  43  4:47  SCV  
  44  4:53  SCV  
  44  4:54  Marine  
  44  4:55  Marine  
  49  5:00  SCV  
  49  5:04  Marine  
  49  5:05  SCV  
  51  5:09  Barracks Reactor  
  51  5:12  Marine, SCV  
  51  5:13  Marine  
  53  5:17  SCV  
  54  5:22  Marine  
  54  5:24  Armory, SCV  
  56  5:29  SCV  
  56  5:30  Barracks  
  57  5:36  SCV  
  57  5:41  Factory Tech Lab, SCV  
  59  5:48  SCV  
  59  5:49  Marine x5  
  65  5:53  SCV  
  66  5:58  Unknown  
  66  6:00  SCV  
  67  6:05  SCV  
  67  6:06  Marine  
  67  6:07  Marine x4  
  73  6:12  SCV  
  73  6:17  Barracks, SCV  
  73  6:18  Barracks, Planetary Fortress  
  75  6:24  SCV, Marine, Refinery  
  75  6:25  Marine x4  
  81  6:30  SCV  
  82  6:38  Refinery  
  82  6:41  Barracks Reactor  
  82  6:42  Marine x2  
  82  6:43  Marine x3  
  87  6:47  Hellion  
  89  7:00  Marine x4  
  93  7:07  Supply Depot  
  93  7:13  Hellion, SCV x3, Marine  
  99  7:18  Marine x4  
  99  7:21  Marine x2  
  105  7:29  Supply Depot  
  105  7:30  Supply Depot, Marine  
  105  7:32  Supply Depot  
  105  7:35  Hellion, Marine  
  105  7:36  Barracks Reactor, Marine x3  
  112  7:37  Command Center, Unknown  
  112  7:39  Marine x2  
  114  7:48  Marine  
  115  7:53  Marine  
  115  7:54  Marine x3  
  115  7:56  Marine  
  115  7:57  Marine  
  121  8:06  Marine  
  121  8:09  Barracks Reactor  
  121  8:11  Marine  
  121  8:12  Barracks, Marine x3  
  126  8:13  Barracks  
  126  8:14  Marine  
  126  8:15  Barracks, Marine  
  124  8:24  Marine  
  125  8:29  Marine x4  
  125  8:32  Marine x2  
  131  8:34  Marine x2  
  128  8:42  Marine  
  128  8:47  Marine x4  
  111  8:49  Unknown  
  111  8:50  Marine x2  
  111  8:51  Marine x2  
  111  8:52  Marine x2  
  101  8:59  Marine  
  102  9:05  Marine x4  
  102  9:08  Marine x2  
  102  9:09  Marine x2  
  108  9:10  Planetary Fortress, Marine x2  
  108  9:13  Barracks Reactor x3  
  101  9:17  Marine  
  101  9:22  Supply Depot, Marine  
  101  9:23  Marine x3  
  101  9:24  Supply Depot  
  94  9:25  Marine  
  94  9:26  Marine  
  94  9:27  Supply Depot, Marine x3  
  94  9:28  Marine  
  91  9:33  Terran Infantry Weapons Level 2  
  91  9:35  Marine  
  92  9:38  Infernal Pre-Igniter  
  92  9:40  Marine  
  92  9:41  Hellbat, Marine x3  
  98  9:59  Marine  
  99  10:00  Marine x10  
  99  10:02  Hellbat  
  99  10:04  Marine x5  
  99  10:05  Marine  
  117  10:17  Supply Depot, Marine x2  
  117  10:18  Supply Depot, Marine x9  
  117  10:19  Supply Depot  
  128  10:22  Marine  
  128  10:24  Hellbat  
  128  10:26  Terran Vehicle Weapons Level 1  
  131  10:35  Marine x8  
  132  10:37  Marine x8  
  132  10:39  Marine  
  145  10:45  Hellbat  
  137  10:53  Marine x8  
  137  10:54  Marine  
  137  10:55  Marine x7  
  149  10:57  Marine  
  149  11:07  Hellbat  
  135  11:14  Marine  
  135  11:15  Marine x15  
  135  11:16  Marine  
  146  11:36  Command Center, Unknown  
  146  11:38  Marine  
  146  11:39  Marine x4  
  144  11:49  Marine x4  
  144  11:50  Marine  
  142  11:59  Marine  
  142  12:00  Marine x11  
  152  12:07  Marine x5  
  150  12:17  Marine  
  150  12:18  Marine x2  
  145  12:24  Hellbat  
Tags
 
Add a new tag
Caveats
  • Supply blocks, unpowered buildings, or Contaminate may cause inaccurate times.
  • Supply counts are checked every 10 seconds.